 Dungeon Crawl Stone Soup version 0.25-a0-869-g05d4e06a41 (webtiles) character file.

Game seed: 15671858874856411993, levelgen mode: deterministic

80 Maedhros the Poker (level 4, 0/31 HPs)
             Began as an Octopode Chaos Knight on May 1, 2020.
             Was a Plaything of Xom.
             Slain by a worm (12 damage)
             ... on level 2 of the Dungeon.
             The game lasted 00:02:26 (4820 turns).

Maedhros the Poker (Octopode Chaos Knight)          Turns: 4820, Time: 00:02:27

Health: 0/31       AC:  1    Str: 10 (11) XL:     4   Next: 39%
Magic:  4/4        EV: 13    Int: 11 (14) God:    Xom [..*...]
Gold:   131        SH:  0    Dex: 10 (12) Spells: 3/3 levels left

rFire    . . .     SeeInvis .   a - +0 spear (chaos)
rCold    . . .     Gourm    .   (no shield)
rNeg     . . .     Faith    .   (helmet restricted)
rPois    .         Spirit   .   (no amulet)
rElec    .         Reflect  .   (no ring)
rCorr    .         Harm     .   (no ring)
MR       .....     Clarity  +   (no ring)
Stlth    ++........             (no ring)
HPRegen  0.10/turn              (no ring)
MPRegen  0.09/turn              (no ring)
                                (no ring)
                                (no ring)

@: no status effects
A: almost no armour, stealthy swim, amphibious, 8 rings, constrict 8, camouflage
1, clarity, gelatinous body 1
a: Renounce Religion


You were on level 2 of the Dungeon.
You worshipped Xom.
You were a toy of Xom.
You were very hungry.

You visited 1 branch of the dungeon, and saw 2 of its levels.

You collected 131 gold pieces.

Inventory:

Hand Weapons
 a - a +0 spear of chaos (weapon)
Missiles
 j - 19 poisoned darts (quivered)
Armour
 l - a +2 leather armour of fire resistance
Jewellery
 g - an uncursed ring of ice
Wands
 m - a wand of iceblast (9)
Scrolls
 c - 3 scrolls of identify {unknown}
 d - a scroll of teleportation {unknown}
 e - 2 scrolls of fog {unknown}
 f - 3 scrolls of remove curse {unknown}
 h - 3 scrolls of enchant armour {unknown}
 i - a scroll of immolation {unknown}
 k - a scroll of random uselessness {unknown}
 n - a scroll of enchant weapon {unknown}
Comestibles
 b - 2 rations


   Skills:
 - Level 3.0 Fighting
 + Level 5.1 Polearms
 - Level 2.3 Dodging


You had 3 spell levels left.
You didn't know any spells.
Your spell library was empty.

Dungeon Overview and Level Annotations

Branches:
Dungeon (2/15)

Altars:
Trog


Innate Abilities, Weirdness & Mutations

You cannot wear most types of armour.
You are very stealthy in the water. (Stealth+)
You are amphibious.
You can wear up to eight rings at the same time.
You can use your tentacles to constrict eight enemies at once.
Your skin changes colour to match your surroundings (Stealth+).
Your rubbery body absorbs attacks. (AC +1, EV +1)
You possess an exceptional clarity of mind.


Message History

Evoke which item? (* to show all) (? for menu, Esc to quit)
Aiming: Iceblast
Press: ? - help, Shift-Dir - straight line The mass of ice explodes!
The iceblast engulfs the rat!
You kill the rat!
The iceblast engulfs the worm.
The worm is heavily wounded.
You constrict the worm.
The rat bites you but does no damage. x2
The worm closely misses you.
Unknown command.
Unknown command.
Unknown command.
You hit the worm.
The worm is severely wounded.
You constrict the worm. The rat barely misses you.
You hit the worm.
The worm is moving more slowly.
The worm is almost dead.
You constrict the worm. The rat barely misses you. The worm bites you!
You die... "It was about time."

#.####.## ## #.# #.# #
#.# .# ### #.# .# #..
#.# .# #.. ####.####.#
#..
##.......##########..
##.........##.......(.
#....@r.....########..
#...w###....# ###
#..†##y##...# #
#....###....# #
##.........## #
#...._...)# #
##))..)..## #
###...######## #
#.$...# #


You could see a moth of wrath, a worm (berserk) and a rat (berserk).

Vanquished Creatures
  A worker ant (D:2)
  A gnoll (D:1)
  A shadow imp (D:2)
  A worm (D:2)
  3 bats (D:1)
  2 giant cockroaches (D:1)
  2 goblins (D:1)
  5 hobgoblins
  8 jackals
  5 frilled lizards
  2 kobolds (D:1)
  5 rats
36 creatures vanquished.

Notes
Turn   | Place    | Note
-------+----------+-------------------------------------------
     0 | D:1      | Maedhros the Octopode Chaos Knight began the quest for the
                  | Orb.
     0 | D:1      | Reached XP level 1. HP: 16/16 MP: 1/1
    63 | D:1      | Reached XP level 2. HP: 18/21 MP: 2/2
   105 | D:1      | XOM: smoke on damage
   108 | D:1      | XOM: potion effect (haste)
   114 | D:1      | Reached skill level 4 in Polearms
   253 | D:1      | XOM: divination: magic mapping
   283 | D:1      | XOM: divination: detect items
   377 | D:1      | Reached XP level 3. HP: 25/26 MP: 3/3
   692 | D:2      | XOM: noise
   729 | D:2      | Reached XP level 4. HP: 21/31 MP: 4/4
   794 | D:2      | Reached skill level 5 in Polearms
   949 | D:2      | XOM: silly message
   965 | D:2      | XOM: silly message
  1195 | D:2      | Noticed a sky beast
  1249 | D:2      | XOM: potion effect (invisibility)
  1738 | D:2      | XOM: god gift: ration
  1866 | D:1      | XOM: cloud trail
  2549 | D:1      | XOM: god gift: glowing leather armour {god gift}
  2664 | D:1      | XOM: summons 3 hostile demons
  3249 | D:1      | XOM: god gift: yellow potion {god gift}
  3907 | D:1      | XOM: divination: magic mapping
  3932 | D:1      | XOM: give mutation
  3932 | D:1      | Gained mutation: You possess an exceptional clarity of
                  | mind. [Xom's grace]
  4006 | D:1      | XOM: god gift: iron wand {god gift}
  4184 | D:1      | XOM: god gift: 41 gold pieces
  4705 | D:1      | XOM: summons 3 hostile demons
  4803 | D:2      | Noticed a moth of wrath
  4806 | D:2      | Found a bloodstained altar of Trog.
  4820 | D:2      | Slain by a worm

Levels and vault maps discovered:
D:1:      scummos_arrival_hexagon, layout_basic
D:2:      layout_loops_corners, tgw_trog, marbit_many_paths

Skill      XL: |  1  2  3  4 |
---------------+-------------+-----
Polearms       | 4 5 |  5.1
Fighting       | |  3.0
Dodging        | |  2.3

Action                   |  1- 3 |  4- 6 || total
-------------------------+-------+-------++-------
Melee: Spear             |    48 |    38 ||    86
       Constrict         |     6 |     9 ||    15
       Tentacles         |     3 |     5 ||     8
Evoke: Wand              |       |     2 ||     2
  Use: Potion            |     1 |     1 ||     2
 Stab: Sleeping          |     7 |       ||     7
  Eat: Ration            |       |     3 ||     3
Armor: Skin              |     3 |     3 ||     6
Dodge: Dodged            |    16 |    22 ||    38

Table legend:
 A = Non-vault XP
 B = Vault XP
 C = Vault XP percentage of total XP
 D = Non-vault monster count
 E = Vault monster count
 F = Vault count percentage of total count
                 A         B        C        D         E       F
            +---------+---------+-------+---------+---------+-------
      Total |     112 |       3 |   2.6 |      33 |       3 |   8.3
            +---------+---------+-------+---------+---------+-------
        D:1 |      46 |       0 |   0.0 |      20 |       0 |   0.0
        D:2 |      66 |       3 |   4.3 |      13 |       3 |  18.8
            +---------+---------+-------+---------+---------+-------
